| TOP OF THE 1ST |
|
Greenville Drive batting - Pitching for West Michigan Whitecaps : RHP Jorge Castaneda
|
|
Pitching: RHP Jorge Castaneda
|
|
|
Batting: LHB Nelis Geurts
|
0-0: Ball 1-0: Called Strike 1-1: Swinging Strike 1-2: Ball 2-2: Foul Ball, location: 2F 2-2: Ball 3-2: Foul Ball, location: 2F 3-2: Base on Balls
|
|
Batting: RHB David Norum
|
0-0: Called Strike Nelis Geurts is caught stealing 2nd base 2-4 0-1: Ball 1-1: Called Strike 1-2: SINGLE (Groundball, 56, EV 103.8 MPH) (infield hit)
|
|
Batting: RHB Larry Brocato
|
0-0: Called Strike David Norum steals 2nd, throwing error, E2 David Norum to third 0-1: Ball 1-1: Ball Passed Ball! David Norum scores 2-1: SINGLE (Groundball, 25, EV 64.4 MPH) (infield hit)
|
|
Batting: SHB Carter Cromsie
|
0-0: Ball 1-0: Called Strike 1-1: Ball 2-1: Fielders Choice at 2nd, 1-6 (Groundball, 34S, EV 71.2 MPH)
|
|
Batting: RHB Andy Garvin
|
0-0: Ball 1-0: Called Strike Carter Cromsie is caught stealing 2nd base 2-4
|
| Top of the 1st over - 1 run, 2 hits, 1 error, 0 left on base; Greenville 1 - West Michigan 0 |
| BOTTOM OF THE 1ST |
|
West Michigan Whitecaps batting - Pitching for Greenville Drive : RHP Gabe Torres
|
|
Pitching: RHP Gabe Torres
|
|
|
Batting: RHB Mike Sebastian
|
0-0: Called Strike 0-1: Bunt missed! 0-2: DOUBLE (Line Drive, 3D, EV 103.1 MPH)
|
|
Batting: RHB Tony Nunez
|
0-0: Foul Ball, location: 2F 0-1: Ground out 4-3 (Groundball, 4, EV 82.5 MPH) Mike Sebastian to third
|
|
Batting: RHB Jon Goldstein
|
0-0: Called Strike 0-1: Swinging Strike 0-2: Strikes out swinging
|
|
Batting: LHB George Moran
|
0-0: Ball 1-0: Ball 2-0: Ball 3-0: Called Strike 3-1: Base on Balls
|
|
Batting: LHB Brad Gaskill
|
0-0: Ball 1-0: Ball 2-0: Fly out, F6 (Popup, 6, EV 80.0 MPH)
|
| Bottom of the 1st over - 0 runs, 1 hit, 0 errors, 2 left on base; Greenville 1 - West Michigan 0 |
| TOP OF THE 2ND |
|
Greenville Drive batting - Pitching for West Michigan Whitecaps : RHP Jorge Castaneda
|
|
Batting: RHB Andy Garvin
|
0-0: Called Strike 0-1: Foul Ball, location: 2F 0-2: Strikes out looking
|
|
Batting: SHB Greg Shaw
|
0-0: Ball 1-0: Ball 2-0: Ball 3-0: Called Strike 3-1: Foul Ball, location: 2F 3-2: Fly out, F8 (Flyball, 89S, EV 88.1 MPH)
|
|
Batting: RHB Joel Vazquez
|
0-0: Ball 1-0: Fly out, F9 (Flyball, 89D, EV 100.0 MPH)
|
| Top of the 2nd over - 0 runs, 0 hits, 0 errors, 0 left on base; Greenville 1 - West Michigan 0 |
| BOTTOM OF THE 2ND |
|
West Michigan Whitecaps batting - Pitching for Greenville Drive : RHP Gabe Torres
|
|
Batting: RHB Joe Zimmerman
|
0-0: Ball 1-0: Ball 2-0: Called Strike 2-1: Called Strike 2-2: Ball 3-2: Foul Ball, location: 2F 3-2: Ground out 5-3 (Groundball, 56S, EV 87.5 MPH)
|
|
Batting: RHB Jamie Villagrana
|
0-0: Ball 1-0: SINGLE (Line Drive, 8RS, EV 95.0 MPH)
|
|
Batting: LHB Steve Herrera
|
0-0: Ball 1-0: Ball 2-0: Called Strike 2-1: Ball 3-1: Base on Balls Jamie Villagrana to second
|
|
Batting: RHB Ernst Meloche
|
0-0: Fly out, F8 (Flyball, 8LD, EV 103.8 MPH)
|
|
Batting: RHB Mike Sebastian
|
0-0: Ball 1-0: Swinging Strike 1-1: Foul Ball, location: 2F 1-2: Strikes out swinging
|
| Bottom of the 2nd over - 0 runs, 1 hit, 0 errors, 2 left on base; Greenville 1 - West Michigan 0 |
| TOP OF THE 3RD |
|
Greenville Drive batting - Pitching for West Michigan Whitecaps : RHP Jorge Castaneda
|
|
Batting: RHB Joe Sandoval
|
0-0: Ball 1-0: Ball 2-0: Hit by Pitch
|
|
Batting: RHB Ted Emmerich
|
0-0: Called Strike 0-1: Ball 1-1: Foul Ball, location: 2F 1-2: Foul Ball, location: 2F 1-2: SINGLE (Line Drive, 4MD, EV 103.1 MPH) Joe Sandoval to second
|
|
Batting: LHB Nelis Geurts
|
0-0: Ball 1-0: Fielders Choice at 2nd, 6-4 (Groundball, 6, EV 105.0 MPH) Joe Sandoval to third
|
|
Batting: RHB David Norum
|
0-0: SINGLE (Groundball, 34, EV 96.2 MPH) Joe Sandoval scores Nelis Geurts to second Runner from 2nd tries for 3rd, OUT! 9-5 David Norum to second
|
|
Batting: RHB Larry Brocato
|
0-0: Ball 1-0: Foul Ball, location: 2F 1-1: Ball 2-1: Foul Ball, location: 2F 2-2: Strikes out swinging
|
| Top of the 3rd over - 1 run, 2 hits, 0 errors, 1 left on base; Greenville 2 - West Michigan 0 |
| BOTTOM OF THE 3RD |
|
West Michigan Whitecaps batting - Pitching for Greenville Drive : RHP Gabe Torres
|
|
Batting: RHB Tony Nunez
|
0-0: Ball 1-0: Called Strike 1-1: Foul Ball, location: 2F 1-2: Ball 2-2: Ball 3-2: Foul Ball, location: 2F 3-2: Base on Balls
|
|
Batting: RHB Jon Goldstein
|
0-0: Called Strike 0-1: Grounds into double play, 6-4-3 (Groundball, 6, EV 88.8 MPH)
|
|
Batting: LHB George Moran
|
0-0: Ball 1-0: Called Strike 1-1: TRIPLE (Line Drive, 89XD, EV 110.6 MPH)
|
|
Batting: LHB Brad Gaskill
|
0-0: Fly out, F8 (Flyball, 8RM, EV 85.6 MPH)
|
| Bottom of the 3rd over - 0 runs, 1 hit, 0 errors, 1 left on base; Greenville 2 - West Michigan 0 |
| TOP OF THE 4TH |
|
Greenville Drive batting - Pitching for West Michigan Whitecaps : RHP Jorge Castaneda
|
|
Batting: SHB Carter Cromsie
|
0-0: Foul Ball, location: 2F 0-1: Ball 1-1: Swinging Strike 1-2: Ball 2-2: Ball 3-2: Fly out, F8 (Flyball, 78D, EV 102.5 MPH)
|
|
Batting: RHB Andy Garvin
|
0-0: Called Strike 0-1: Ball 1-1: Foul Ball, location: 2F 1-2: Ground out 6-3 (Groundball, 6, EV 85.6 MPH)
|
|
Batting: SHB Greg Shaw
|
0-0: Called Strike 0-1: Fly out, F8 (Line Drive, 8LM, EV 85.6 MPH)
|
| Top of the 4th over - 0 runs, 0 hits, 0 errors, 0 left on base; Greenville 2 - West Michigan 0 |
| BOTTOM OF THE 4TH |
|
West Michigan Whitecaps batting - Pitching for Greenville Drive : RHP Gabe Torres
|
|
Batting: RHB Joe Zimmerman
|
0-0: Foul Ball, location: 2F 0-1: Called Strike 0-2: Foul Ball, location: 2F 0-2: Ball 1-2: Strikes out swinging
|
|
Batting: RHB Jamie Villagrana
|
0-0: Swinging Strike 0-1: Ball 1-1: Foul Ball, location: 2F 1-2: Strikes out looking and he ARGUES THE CALL AND IS TOSSED!
|
|
Batting: LHB Steve Herrera
|
0-0: Ball 1-0: Ball 2-0: Ball 3-0: Base on Balls
|
|
Batting: RHB Ernst Meloche
|
0-0: Ball 1-0: Called Strike 1-1: Foul Ball, location: 2F 1-2: Strikes out looking
|
| Bottom of the 4th over - 0 runs, 0 hits, 0 errors, 1 left on base; Greenville 2 - West Michigan 0 |
| TOP OF THE 5TH |
|
Greenville Drive batting - Pitching for West Michigan Whitecaps : RHP Jorge Castaneda
|
|
Now at SS: Yaremka Rzhevsky
|
|
|
Batting: RHB Joel Vazquez
|
0-0: SINGLE (Groundball, 6D, EV 100.6 MPH)
|
|
Batting: RHB Joe Sandoval
|
0-0: Called Strike 0-1: Swinging Strike 0-2: Strikes out swinging
|
|
Batting: RHB Ted Emmerich
|
0-0: Ball 1-0: Called Strike 1-1: Ball 2-1: Foul Ball, location: 2F 2-2: Strikes out looking
|
|
Batting: LHB Nelis Geurts
|
0-0: Swinging Strike 0-1: Called Strike 0-2: SINGLE (Groundball, 34D, EV 106.9 MPH) Joel Vazquez to second Runner from 2nd tries for 3rd, SAFE, throw by RF made to third
|
|
Batting: RHB David Norum
|
0-0: SINGLE (Groundball, 34, EV 108.8 MPH) Joel Vazquez scores Nelis Geurts to second Runner from 2nd tries for 3rd, SAFE, throw by RF made to third David Norum to second
|
|
Batting: RHB Larry Brocato
|
0-0: Ball 1-0: Ball 2-0: Called Strike 2-1: Foul Ball, location: 2F 2-2: Ball 3-2: Foul Ball, location: 2F 3-2: Fly out, F8 (Flyball, 8RXD, EV 96.9 MPH)
|
| Top of the 5th over - 1 run, 3 hits, 0 errors, 2 left on base; Greenville 3 - West Michigan 0 |
| BOTTOM OF THE 5TH |
|
West Michigan Whitecaps batting - Pitching for Greenville Drive : RHP Gabe Torres
|
|
Batting: RHB Mike Sebastian
|
0-0: Foul Ball, location: 2F 0-1: Swinging Strike 0-2: Strikes out looking
|
|
Batting: RHB Tony Nunez
|
0-0: Ball 1-0: Called Strike 1-1: Ball 2-1: Called Strike 2-2: Foul Ball, location: 2F 2-2: Ball 3-2: SINGLE (Line Drive, 6MD, EV 93.8 MPH)
|
|
Batting: RHB Jon Goldstein
|
0-0: Ball 1-0: Foul Ball, location: 2F 1-1: Foul Ball, location: 2F 1-2: Foul Ball, location: 2F 1-2: Ball 2-2: SINGLE (Groundball, 56D, EV 103.8 MPH) Tony Nunez to second
|
|
Batting: LHB George Moran
|
0-0: Fly out, F8 (Flyball, 8LS, EV 90.0 MPH)
|
|
Batting: LHB Brad Gaskill
|
0-0: Ball 1-0: Foul Ball, location: 2F 1-1: Foul Ball, location: 2F 1-2: Ball 2-2: SINGLE (Line Drive, 8LS, EV 98.1 MPH) Tony Nunez to third Jon Goldstein to second Runner from 3rd tries for Home, SAFE, throw by CF to home
|
|
Batting: RHB Joe Zimmerman
|
0-0: 3-RUN HOME RUN (Flyball, 7D, EV 96.2 MPH), Distance : 376 ft
|
|
Batting: RHB Yaremka Rzhevsky
|
0-0: Ball 1-0: Ball 2-0: Ball 3-0: Called Strike 3-1: Base on Balls
|
|
Batting: LHB Steve Herrera
|
0-0: Ball 1-0: Ball 2-0: Ball 3-0: Base on Balls Yaremka Rzhevsky to second
|
|
Batting: RHB Ernst Meloche
|
0-0: Called Strike 0-1: Foul Ball, location: 2F 0-2: Ball 1-2: Ball 2-2: Ball 3-2: Base on Balls Yaremka Rzhevsky to third Steve Herrera to second
|
|
Pitching: LHP Kentaro Shimasaki
|
|
|
Batting: RHB Mike Sebastian
|
0-0: Ball 1-0: Called Strike 1-1: Ball 2-1: Foul Ball, location: 2F 2-2: Ball 3-2: Base on Balls Yaremka Rzhevsky scores Steve Herrera to third Ernst Meloche to second
|
|
Batting: RHB Tony Nunez
|
0-0: Ball 1-0: Fielders Choice at 2nd, 6-4 (Groundball, 6, EV 81.2 MPH)
|
| Bottom of the 5th over - 5 runs, 4 hits, 0 errors, 3 left on base; Greenville 3 - West Michigan 5 |
| TOP OF THE 6TH |
|
Greenville Drive batting - Pitching for West Michigan Whitecaps : RHP Jorge Castaneda
|
|
Batting: SHB Carter Cromsie
|
0-0: Ball 1-0: SINGLE (Groundball, 4MS, EV 66.9 MPH) (infield hit)
|
|
Batting: RHB Andy Garvin
|
|
|
Pinch Hitting: LHB Danny Montoya
|
0-0: Called Strike 0-1: Fielders Choice at 2nd, 4-6 (Groundball, 4, EV 92.5 MPH)
|
|
Batting: SHB Greg Shaw
|
0-0: Ball 1-0: Ball 2-0: Ball 3-0: Called Strike 3-1: Base on Balls Danny Montoya to second
|
|
Batting: RHB Joel Vazquez
|
0-0: Called Strike 0-1: SINGLE (Line Drive, 34, EV 110.6 MPH) Danny Montoya to third Greg Shaw to second
|
|
Pitching: RHP Juan Murillo
|
|
|
Batting: RHB Joe Sandoval
|
0-0: Ball 1-0: Ball 2-0: Grounds into double play, 6-4-3 (Groundball, 6M, EV 85.0 MPH)
|
| Top of the 6th over - 0 runs, 2 hits, 0 errors, 2 left on base; Greenville 3 - West Michigan 5 |
| BOTTOM OF THE 6TH |
|
West Michigan Whitecaps batting - Pitching for Greenville Drive : LHP Kentaro Shimasaki
|
|
Now at 1B: Danny Montoya
|
|
|
Now at 2B: Larry Brocato
|
|
|
Batting: RHB Jon Goldstein
|
0-0: Ball 1-0: Foul Ball, location: 2F 1-1: Ball 2-1: Foul Ball, location: 2F 2-2: Foul Ball, location: 2F 2-2: Strikes out swinging
|
|
Batting: LHB George Moran
|
0-0: Foul Ball, location: 2F 0-1: SINGLE (Groundball, 4MD, EV 101.2 MPH)
|
|
Batting: LHB Brad Gaskill
|
0-0: Called Strike 0-1: Foul Ball, location: 2F 0-2: Foul Ball, location: 2F 0-2: Ball 1-2: Strikes out looking
|
|
Batting: RHB Joe Zimmerman
|
0-0: Called Strike 0-1: Swinging Strike 0-2: Ball 1-2: Strikes out swinging
|
| Bottom of the 6th over - 0 runs, 1 hit, 0 errors, 1 left on base; Greenville 3 - West Michigan 5 |
| TOP OF THE 7TH |
|
Greenville Drive batting - Pitching for West Michigan Whitecaps : RHP Juan Murillo
|
|
Batting: RHB Ted Emmerich
|
0-0: Foul Ball, location: 2F 0-1: Ball 1-1: Ball 2-1: Ball 3-1: Called Strike 3-2: Strikes out looking
|
|
Batting: LHB Nelis Geurts
|
0-0: Foul Ball, location: 2F 0-1: Ball 1-1: Ball 2-1: Ground out 6-3 (Groundball, P, EV 77.5 MPH)
|
|
Batting: RHB David Norum
|
0-0: Called Strike 0-1: Ball 1-1: Foul Ball, location: 2F 1-2: Ball 2-2: Fly out, F8 (Flyball, 89D, EV 85.0 MPH)
|
| Top of the 7th over - 0 runs, 0 hits, 0 errors, 0 left on base; Greenville 3 - West Michigan 5 |
| BOTTOM OF THE 7TH |
|
West Michigan Whitecaps batting - Pitching for Greenville Drive : LHP Kentaro Shimasaki
|
|
Pitching: LHP Fernando Mendoza
|
|
|
Batting: RHB Yaremka Rzhevsky
|
0-0: Ball 1-0: Ball 2-0: Ball 3-0: Called Strike 3-1: Base on Balls
|
|
Batting: LHB Steve Herrera
|
0-0: Fly out, F9 (Flyball, 9D, EV 96.9 MPH) Runner from 1st tags up, OUT at 2nd! 9-6
|
|
Batting: RHB Ernst Meloche
|
0-0: Foul Ball, location: 2F 0-1: Swinging Strike 0-2: Strikes out looking
|
| Bottom of the 7th over - 0 runs, 0 hits, 0 errors, 0 left on base; Greenville 3 - West Michigan 5 |
| TOP OF THE 8TH |
|
Greenville Drive batting - Pitching for West Michigan Whitecaps : RHP Juan Murillo
|
|
Batting: RHB Larry Brocato
|
0-0: SINGLE (Flyball, 6MD, EV 88.8 MPH)
|
|
Batting: SHB Carter Cromsie
|
0-0: Ball 1-0: Ball 2-0: Foul Ball, location: 2F 2-1: Fly out, F7 (Flyball, 7LS, EV 76.9 MPH)
|
|
Batting: LHB Danny Montoya
|
0-0: Called Strike 0-1: Called Strike 0-2: Ball 1-2: Strikes out swinging
|
|
Batting: SHB Greg Shaw
|
0-0: Called Strike 0-1: Fielders Choice at 2nd, 6-4 (Groundball, 6, EV 80.6 MPH)
|
| Top of the 8th over - 0 runs, 1 hit, 0 errors, 1 left on base; Greenville 3 - West Michigan 5 |
| BOTTOM OF THE 8TH |
|
West Michigan Whitecaps batting - Pitching for Greenville Drive : LHP Fernando Mendoza
|
|
Pitching: RHP Wing-chiu Ya
|
|
|
Batting: RHB Mike Sebastian
|
0-0: Ball 1-0: Ball 2-0: Called Strike 2-1: Ball 3-1: DOUBLE (Line Drive, 8RXD, EV 107.5 MPH)
|
|
Batting: RHB Tony Nunez
|
0-0: Called Strike 0-1: Ground out U3 (Groundball, 34, EV 101.2 MPH) Mike Sebastian to third
|
|
Batting: RHB Jon Goldstein
|
0-0: Called Strike 0-1: Foul Ball, location: 2F 0-2: Foul Ball, location: 2F 0-2: Strikes out swinging
|
|
Batting: LHB George Moran
|
0-0: Foul Ball, location: 2F 0-1: Ball 1-1: Called Strike 1-2: Ball Wild Pitch! Mike Sebastian scores 2-2: Strikes out looking
|
| Bottom of the 8th over - 1 run, 1 hit, 0 errors, 0 left on base; Greenville 3 - West Michigan 6 |
| TOP OF THE 9TH |
|
Greenville Drive batting - Pitching for West Michigan Whitecaps : RHP Juan Murillo
|
|
Pitching: RHP Eddie Hodgson
|
|
|
Batting: RHB Joel Vazquez
|
0-0: Called Strike 0-1: Foul Ball, location: 2F 0-2: Ball 1-2: Strikes out swinging
|
|
Pinch Hitting: LHB John Criswell
|
0-0: Ball 1-0: Called Strike 1-1: Ball 2-1: Foul Ball, location: 2F 2-2: Ball 3-2: Strikes out swinging
|
|
Batting: RHB Ted Emmerich
|
0-0: Ball 1-0: Ball 2-0: Swinging Strike 2-1: Ball 3-1: Swinging Strike 3-2: SINGLE (Groundball, 34D, EV 93.8 MPH)
|
|
Batting: LHB Nelis Geurts
|
0-0: Foul Ball, location: 2F 0-1: Ball 1-1: Swinging Strike 1-2: Ball 2-2: Foul Ball, location: 2F 2-2: Strikes out swinging
|
| Top of the 9th over - 0 runs, 1 hit, 0 errors, 1 left on base; Greenville 3 - West Michigan 6 |
|